 Dungeon Crawl Stone Soup version 0.31-a0-702-gf82c85558f (webtiles) character file.

Game seed: 13555188752793343124

14 Essalna the Conjurer (level 2, 0/19 HPs)
             Began as a Demonspawn Conjurer on Sept 8, 2023.
             Succumbed to an adder's poison
             ... on level 2 of the Dungeon.
             The game lasted 00:01:09 (879 turns).

Essalna the Conjurer (Demonspawn Conjurer)           Turns: 879, Time: 00:01:09

Health: 0/19       AC:  2    Str:  7    XL:     2   Next: 31%
Magic:  2/5        EV: 12    Int: 19    God:
Gold:   35         SH:  0    Dex: 11    Spells: 4/5 levels left

rFire   . . .        g - +0 dagger
rCold   . . .        (no shield)
rNeg    . . .        a - +0 robe
rPois   .            (no helmet)
rElec   .            (no cloak)
rCorr   .            (no gloves)
SInv    .            (no boots)
Will    .....        (no amulet)
Stlth   ++           f - ring of flight
HPRegen 0.23/turn    (no ring)
MPRegen 0.09/turn

%: no passive effects
@: lethally poisoned (0 -> -6), flying
A: powered by pain 1
a: no special abilities


You were on level 2 of the Dungeon.
You visited 1 branch of the dungeon, and saw 2 of its levels.

You collected 35 gold pieces.

Inventory:

Hand Weapons
 g - a +0 dagger (weapon)
Missiles
 j - 2 silver javelins
Armour
 a - a +0 robe (worn)
Jewellery
 f - a ring of flight (left hand)
Scrolls
 d - 2 scrolls of vulnerability {unknown}
 e - a scroll of identify {unknown}
 h - a scroll of teleportation {unknown}
Potions
 b - a potion of magic
 c - a potion of berserk rage {unknown}
 i - a potion of brilliance {unknown}


   Skills:
 - Level 1.7 Dodging
 - Level 1.7 Stealth
 + Level 2.4 Spellcasting
 + Level 4.3 Conjurations


You had 4 spell levels left.
You knew the following spells:

 Your Spells              Type           Power      Damage    Failure   Level
a - Magic Dart            Conj           72%        1d6       2%          1

Your spell library contained the following spells:

 Spells                   Type           Power      Damage    Failure   Level
 Searing Ray              Conj           36%        2d5       4%          2
 Dazzling Flash           Conj/Hex       20%        N/A       21%         3
 Fulminant Prism          Conj/Hex       5%         3d7       54%         4
 Iskenderun's Mystic Bla  Conj/Tloc      10%        2d4       54%         4


Dungeon Overview and Level Annotations

Branches:
Dungeon (2/15)

Altars:


Innate Abilities, Weirdness & Mutations

You sometimes gain a little power by taking damage.


Message History

Found a falchion and a pair of glowing gloves.
The ball python hisses angrily.
The adder hisses angrily.
The magic dart hits the adder.
The adder is lightly wounded.
The ball python hisses angrily.
The magic dart hits the ball python.
You kill the ball python!
The magic dart hits the adder.
The adder is severely wounded.
The adder attacks as it pursues you! The adder closely misses you.
There is a stone staircase leading up here.
You hit the adder but do no damage.
The adder is severely wounded.
The adder bites you.
You miss the adder.
The adder is severely wounded.
The adder bites you but does no damage. The ball python closely misses you.
The ball python barely misses you.
You hit the adder but do no damage.
The adder is severely wounded.
The adder bites you.
You are poisoned.
The adder poisons you! The ball python bites you. The ball python misses you.
You closely miss the adder.
The adder is severely wounded.
You feel sick. The adder bites you.
* * * LOW HITPOINT WARNING * * *
You are lethally poisoned!
The adder poisons you! The ball python bites you.
* * * LOW HITPOINT WARNING * * *
The ball python barely misses you.
You closely miss the adder.
The adder is severely wounded.
* * * LOW HITPOINT WARNING * * *
You feel sick. The adder misses you. The ball python misses you. x2
The adder bites you.
* * * LOW HITPOINT WARNING * * *
You closely miss the adder.
The adder is severely wounded.
You die...

#### #.######S@#
.......#S##.####
....†...........
)...<....#######
..###.....#
#..†...[
#...#....
#...###..# ....+
....


You could see an adder and a ball python.

Vanquished Creatures
  2 ball pythons
  6 bats
  2 endoplasms
  2 goblins (D:1)
  A hobgoblin (D:1)
  A kobold (D:1)
14 creatures vanquished.

Notes
Turn   | Place    | Note
-------+----------+-------------------------------------------
     0 | D:1      | Essalna the Demonspawn Conjurer began the quest for the
                  | Orb.
     0 | D:1      | Reached XP level 1. HP: 13/13 MP: 3/3
   323 | D:1      | Found a faded altar of an unknown god.
   337 | D:1      | Gained mutation: You sometimes gain a little power by
                  | taking damage. [demonic ancestry]
   337 | D:1      | Reached XP level 2. HP: 17/19 MP: 5/5
   879 | D:2      | Succumbed to an adder's poison

Illustrated notes

Levels and vault maps discovered:
D:1:      heliophobic_arrival_battle_scene, layout_basic,
          dreamdust_ecumenical_altar_grove
D:2:      layout_basic, serial_shops, nicolae_square_shop, basic_altar

Action                     || total
---------------------------++-------
  Melee: Dagger            ||    12
   Cast: Magic Dart        ||    21
 Armour: Robe              ||    16
  Dodge: Dodged            ||    16

Table legend: (Time is in decaauts)
 A = Elapsed time spent in this place.
 B = Non-inter-level travel time spent in this place.
 C = Inter-level travel time spent in this place.
 D = Time resting spent in this place.
 E = Time spent auto-exploring this place.
 F = Levels seen in this place.
 G = Mean time per level.
                   A        B        C        D        E       F      G
               +--------+--------+--------+--------+--------+-----+--------+
         Total |    877 |    811 |     66 |      0 |    721 |   2 |  438.5 |
       Dungeon |    877 |    811 |     66 |      0 |    721 |   2 |  438.5 |
               +--------+--------+--------+--------+--------+-----+--------+

Top non-repeatable levels by time:
     D:1: 816 daAuts
     D:2: 61 daAuts
